 Dungeon Crawl Stone Soup version 0.25.1-2-g60ff931df9 (webtiles) character file.

Game seed: 7474758184348461730

10770 Almogavar the Basher (level 11, -3/69 HPs)
             Began as a Gargoyle Fighter on Aug 28, 2020.
             Was a High Priest of Okawaru.
             Killed from afar by a blizzard demon (7 damage)
             ... with a bolt of cold
             ... on level 1 of the Abyss.
             The game lasted 00:52:05 (12560 turns).

Almogavar the Basher (Gargoyle Fighter)            Turns: 12560, Time: 00:52:05

Health: -3/69      AC: 29    Str: 23      XL:     11   Next: 67%
Magic:  0/11       EV:  8    Int:  9      God:    Okawaru [*****.]
Gold:   343        SH: 12    Dex:  8 (9)  Spells: 10/10 levels left

rFire    + . .     SeeInvis +   H - +1 flail (protect)
rCold    . . .     Gourm    .   c - +0 kite shield
rNeg     + + .     Faith    .   g - +0 chain mail
rPois    ∞         Spirit   +   E - +2 hat {SInv}
rElec    +         Reflect  .   w - +0 cloak (curse)
rCorr    .         Harm     .   (no gloves)
MR       .....                  (no boots)
Stlth    ..........             t - amulet of guardian spirit
HPRegen  0.21/turn              m - ring of positive energy
MPRegen  0.12/turn              C - ring of protection from fire

@: protection aura
A: negative energy resistance 1, electricity resistance, unbreathing,
petrification resistance, rot immunity, AC +8
a: Heroism, Finesse, Renounce Religion


You were on level 1 of the Abyss.
You worshipped Okawaru.
Okawaru was extremely pleased with you.
You were hungry.

You visited 3 branches of the dungeon, and saw 12 of its levels.
You visited the Abyss 1 time.

You collected 433 gold pieces.
You spent 90 gold pieces at shops.

Inventory:

Hand Weapons
 H - a +1 flail of protection (weapon)
Armour
 c - a +0 kite shield (worn)
 g - a +0 chain mail (worn)
 w - a cursed +0 cloak (worn)
 E - a +2 hat of see invisible (worn)
Jewellery
 m - a ring of positive energy (left hand)
 s - an uncursed ring of resist corrosion
 t - an amulet of guardian spirit (around neck)
 C - a ring of protection from fire (right hand)
Wands
 y - a wand of flame (26)
 B - a wand of disintegration (8)
 G - a wand of digging (3)
 I - a wand of enslavement (4)
Scrolls
 e - 2 scrolls of enchant armour
 j - a scroll of enchant weapon
 o - 2 scrolls of amnesia
 r - 2 scrolls of teleportation
 x - a scroll of fear
 z - 2 scrolls of magic mapping
 A - 4 scrolls of remove curse
Potions
 d - a potion of might
 h - 3 potions of brilliance
 l - a potion of berserk rage
 n - 2 potions of mutation {unknown}
 p - 4 potions of curing
 q - 3 potions of flight
 u - a potion of lignification
 D - 3 potions of degeneration {unknown}
 F - a potion of cancellation {unknown}
Comestibles
 f - 26 rations


   Skills:
 + Level 8.9 Fighting
 + Level 10.9 Maces & Flails
 + Level 8.7 Armour
 - Level 3.3 Dodging
 - Level 0.5 Stealth
 + Level 10.6 Shields
 - Level 0.1 Invocations


You had 10 spell levels left.
You didn't know any spells.
Your spell library contained the following spells:

 Spells                   Type           Power        Failure   Level  Hunger
 Corona                   Hex            #......      99%         1    ##.....
 Magic Dart               Conj           #...         99%         1    ##.....
 Blink                    Tloc           N/A          100%        2    ###....
 Call Imp                 Summ           #.......     100%        2    ###....
 Ensorcelled Hibernation  Hex/Ice        #.....       100%        2    ###....
 Slow                     Hex            #.......     100%        2    ###....
 Confusing Touch          Hex            #.......     100%        3    ####...
 Conjure Flame            Conj/Fire      #.......     100%        3    ####...
 Dazzling Flash           Conj/Hex       #.....       100%        3    ####...
 Mephitic Cloud           Conj/Pois/Air  #.......     100%        3    ####...
 Tukima's Dance           Hex            #.......     100%        3    ####...


Dungeon Overview and Level Annotations

Branches:
Dungeon (10/15)            Temple (1/1) D:7            Lair (1/6) D:10
    Orc: D:9-12

Altars:
Ashenzari
Cheibriados
Dithmenos
Elyvilon
Fedhas
Kikubaaqudgha
Makhleb
Nemelex Xobeh
Okawaru
Qazlal
Ru
Sif Muna
Trog
Uskayaw
Vehumet
Yredelemnul
Zin
The Shining One

Shops:
D:6 (   D:9 ?

Annotations:
D:8 exclusion: orange crystal statue
D:10 2 transporters, lllmatko's ghost, journeyman MiBe
Lair:1 Maggie


Innate Abilities, Weirdness & Mutations

You are resistant to torment.
Your stone body is resilient. (AC +8)
You are immune to poison.
You resist negative energy. (rN+)
You are resistant to electric shocks. (rElec)
You can survive without breathing.
You are immune to petrification.
You are immune to rotting.


Message History

The air twists around and strikes you.
A white draconian comes into view. It is wielding a +0 hand axe.
The white draconian roars!
The thrashing horror roars!
Found a lightning rod (4/4).
You sock the ice devil!
Your weapon exudes an aura of protection.
The ice devil is lightly wounded.
You block the thrashing horror's attack.
The thrashing horror tramples you but does no damage.
You block the ice devil's attack.
A fire crab comes into view.
The thrashing horror roars!
You hear a loud, deep croak!
The thrashing horror tramples you.
* * * LOW HITPOINT WARNING * * *
You stumble backwards!
The efreet gestures at you.
The bolt of fire hits you but does no damage.
The blizzard demon gestures at you. The bolt of cold hits you!
You die...

#≈###≈### #☼ #
≈.....d.t #
#≈#.....8 # ≈#.....
. ≈...# # #...# ##≈
## . #42.##°° #
###.. #...#≈# #
..##... #.@X≈#
#...... . #R..## ##
.○. ##°''### ##.
####☼.. #..○##.
##.#. .. .
#.##°○##.R.#.##
#○##
...#..°##.#☼#.####○
.#####.#○.##.
.R○°°.# .. #.#.#.
#.##.### # ##..#.#
#. .#.#


You could see a blizzard demon, a thrashing horror, an ice devil and an efreet.

Vanquished Creatures
  Gastronok (D:9)
  A hydra (Lair:1)
  A two-headed ogre (D:9)
  Joseph (Lair:1)
  2 demonic crawlers (Abyss:1)
  An efreet (Abyss:1)
  2 hippogriffs (D:10)
  A wyvern (D:10)
  A spriggan (D:7)
  Grum (D:9)
  2 porcupines (Lair:1)
  2 hell hounds (Abyss:1)
  An orc warrior (D:6)
  6 ice beasts
  2 phantoms (D:7)
  A black bear (D:6)
  9 sky beasts
  A necrophage (D:6)
  2 wolves (D:9)
  5 ogres
  2 centaurs
  2 big kobolds (D:10)
  8 bullfrogs
  3 scorpions
  2 small abominations (Abyss:1)
  8 killer bees
  A howler monkey (D:10)
  A bullfrog zombie (D:5)
  6 crimson imps
  7 hounds
  2 starcursed masses (Abyss:1)
  A quasit (Abyss:1)
  2 orc priests
  A jelly (D:7)
  Crazy Yiuf (D:7)
  Terence (D:2)
  A bullfrog skeleton (D:5)
  2 centaur skeletons
  5 iguanas
  7 orc wizards
  5 worker ants
  3 hound skeletons
  3 worker ant zombies
  8 gnolls (D:3)
  9 adders
  2 shadow imps
  An ooze (D:2)
  An adder zombie (D:8)
  An adder skeleton (D:6)
  2 worms (D:4)
  4 dart slugs
  10 leopard geckos
  49 orcs
  3 ball pythons
  10 bats
  9 giant cockroaches
  9 goblins
  6 hobgoblins
  10 jackals
  4 quokkas
  6 frilled lizards
  14 kobolds
  2 leopard gecko skeletons (D:4)
  A leopard gecko zombie (D:6)
  5 rats
283 creatures vanquished.

Vanquished Creatures (others)
  A fungus (Lair:1)
  A plant (Lair:1)
2 creatures vanquished.

Grand Total: 285 creatures vanquished

Notes
Turn   | Place    | Note
-------+----------+-------------------------------------------
     0 | D:1      | Almogavar the Gargoyle Fighter began the quest for the Orb.
     0 | D:1      | Reached XP level 1. HP: 14/14 MP: 1/1
    93 | D:1      | Reached XP level 2. HP: 17/19 MP: 2/2
   573 | D:1      | Reached XP level 3. HP: 23/23 MP: 3/3
  1156 | D:2      | Reached XP level 4. HP: 29/29 MP: 4/4
  1330 | D:2      | Noticed Terence
  1339 | D:2      | Killed Terence
  1450 | D:2      | Reached XP level 5. HP: 29/33 MP: 5/5
  1500 | D:2      | Noticed an ogre
  1507 | D:2      | Killed an ogre
  1746 | D:2      | Found an ancient bone altar of Kikubaaqudgha.
  1751 | D:2      | Found a sparkling altar of Nemelex Xobeh.
  1756 | D:2      | Found a hide-covered altar of Uskayaw.
  2129 | D:3      | Reached XP level 6. HP: 30/38 MP: 6/6
  2449 | D:3      | Found a shadowy altar of Dithmenos.
  3078 | D:3      | Reached skill level 5 in Shields
  3269 | D:4      | Got a glimmering shortbow
  3341 | D:4      | Reached skill level 1 in Dodging
  3474 | D:4      | Found a glowing silver altar of Zin.
  3672 | D:4      | Reached XP level 7. HP: 35/44 MP: 7/7
  3782 | D:4      | Reached skill level 5 in Maces & Flails
  4303 | D:5      | Entered Level 5 of the Dungeon
  4418 | D:5      | Reached skill level 5 in Fighting
  4786 | D:5      | Reached skill level 5 in Armour
  4786 | D:5      | Reached XP level 8. HP: 47/49 MP: 8/8
  5006 | D:5      | Found a basalt altar of Yredelemnul.
  6393 | D:6      | Reached XP level 9. HP: 55/55 MP: 9/9
  6762 | D:6      | Found Xogeisou's Weapon Emporium.
  7445 | D:7      | Found a staircase to the Ecumenical Temple.
  7450 | Temple   | Entered the Ecumenical Temple
  7471 | Temple   | Became a worshipper of Warmaster Okawaru
  7930 | D:7      | Found a runed translucent door.
  7931 | D:7      | Noticed Crazy Yiuf
  8060 | D:7      | Killed Crazy Yiuf
  8110 | D:8      | Reached XP level 10. HP: 61/61 MP: 10/10
  8186 | D:8      | Reached * piety under Okawaru
  8630 | D:8      | Noticed an orange crystal statue
  9609 | D:9      | Noticed Gastronok
  9639 | D:9      | Killed Gastronok
  9639 | D:9      | Reached ** piety under Okawaru
  9639 | D:9      | Reached *** piety under Okawaru
  9807 | D:9      | Noticed Grum
  9824 | D:9      | Killed Grum
 10301 | D:9      | Reached skill level 10 in Maces & Flails
 10474 | D:9      | Found Ricauda's Magic Scroll Boutique.
 10480 | D:9      | Noticed a two-headed ogre
 10483 | D:9      | Found a shimmering blue altar of Sif Muna.
 10493 | D:9      | Killed a two-headed ogre
 10493 | D:9      | Reached **** piety under Okawaru
 10493 | D:9      | Reached XP level 11. HP: 43/69 MP: 6/11
 10618 | D:9      | Bought a scroll of identify for 30 gold pieces
 10618 | D:9      | Bought a scroll of identify for 30 gold pieces
 10618 | D:9      | Bought a scroll of identify for 30 gold pieces
 10771 | D:10     | Entered Level 10 of the Dungeon
 10883 | D:10     | Found a staircase to the Lair.
 10909 | D:10     | Noticed lllmatko's ghost (journeyman MiBe)
 11081 | D:10     | Found a transporter.
 11084 | D:10     | Found a transporter.
 11118 | D:10     | Reached ***** piety under Okawaru
 11147 | D:10     | Reached skill level 10 in Shields
 11629 | Lair:1   | Entered Level 1 of the Lair of Beasts
 11648 | Lair:1   | Noticed Joseph
 11656 | Lair:1   | Noticed a seven-headed hydra
 11681 | Lair:1   | Killed a seven-headed hydra
 11708 | Lair:1   | Killed Joseph
 11952 | Lair:1   | Noticed Maggie
 11975 | Lair:1   | Cast into level 1 of the Abyss (Maggie)
 12204 | Abyss:1  | Noticed a starcursed mass
 12215 | Abyss:1  | Noticed a rakshasa
 12508 | Abyss:1  | Noticed a starcursed mass
 12525 | Abyss:1  | Noticed a thrashing horror
 12526 | Abyss:1  | Noticed a rakshasa
 12526 | Abyss:1  | HP: 2/69 [efreet/bolt of fire (6)]
 12555 | Abyss:1  | Noticed a blizzard demon
 12558 | Abyss:1  | Noticed a white draconian
 12559 | Abyss:1  | Noticed a fire crab
 12560 | Abyss:1  | Killed from afar by a blizzard demon

Illustrated notes

Levels and vault maps discovered:
D:1:      dpeg_arrival_more_subterranean_lakeside_camping, layout_loops_ring
D:2:      layout_basic, minmay_overflow_temple_star_quad, uniq_terence
D:3:      layout_loops_ring, lemuel_crystal_altar, first_ration, minmay_vboxes
D:4:      minmay_octagon_keep, layout_basic, nicolae_overflow_hidden_temple
D:5:      minmay_chambers_of_fours, layout_cave_pods, kennysheep_little_box
D:6:      layout_loops_ring, serial_shops, shop
D:7:      layout_basic, minmay_temple_entry_wispy, the_bakery,
          uniq_crazy_yiuf_cottage
D:8:      minmay_statue_hallways, layout_rooms
D:9:      minmay_klotski, layout_loops_ring, serial_shops, shop, basic_altar,
          uniq_gastronok, uniq_grum
D:10:     layout_big_octagon, lair_entry_dummy, gammafunk_ghost_arena
Temple:   nicolae_temple_elliptical
Lair:1:   layout_loops_ring, grunt_megastairs_2, uniq_maggie, uniq_joseph,
          uniq_harold
Abyss:1:  base: D:9, hangedman_elemental_corridor

Skill      XL: |  1  2  3  4  5  6  7  8  9 10 11 |
---------------+----------------------------------+-----
Maces & Flails | 3 4 5 7 8 10 | 10.9
Fighting       | 4 5 6 8 |  8.9
Armour         | 4 5 6 8 |  8.7
Shields        | 4 5 6 8 9 10 | 10.6
Dodging        | 1 2 3 |  3.3
Stealth        | |  0.5
Invocations    | |  0.1

Action                   |  1- 3 |  4- 6 |  7- 9 | 10-12 || total
-------------------------+-------+-------+-------+-------++-------
Melee: Flail             |   111 |   311 |   658 |   741 ||  1821
Invok: Heroism           |       |       |       |     2 ||     2
  Use: Scroll            |     2 |     8 |     4 |     7 ||    21
       Potion            |       |       |       |     3 ||     3
  Eat: Chunk             |     1 |     9 |    15 |     5 ||    30
       Ration            |       |       |       |     3 ||     3
Armor: Scale mail        |    41 |       |       |       ||    41
       Chain mail        |    14 |   177 |   405 |   596 ||  1192
Dodge: Dodged            |    44 |    65 |   146 |   281 ||   536
Block: Kite shield       |    52 |   160 |   321 |   499 ||  1032
